 Dungeon Crawl Stone Soup version 0.24-b1 (webtiles) character file.

Game seed: 6937290677598071375, levelgen mode: deterministic

191 Mattoad the Cudgeler (level 5, -1/47 HPs)
             Began as a Minotaur Berserker on Oct 13, 2019.
             Was a Believer of Trog.
             Killed from afar by an orc wizard (3 damage)
             ... with a puff of frost
             ... on level 3 of the Dungeon.
             The game lasted 00:04:59 (1756 turns).

Mattoad the Cudgeler (Minotaur Berserker)           Turns: 1756, Time: 00:05:00

Health: -1/47      AC:  5    Str: 23    XL:     5   Next: 42%
Magic:  4/4        EV: 12    Int:  4    God:    Trog [**....]
Gold:   118        SH:  0    Dex:  9    Spells: 4/4 levels left

rFire    . . .     SeeInvis .   a - +0 mace
rCold    . . .     Gourm    .   (no shield)
rNeg     . . .     Faith    .   j - +0 ring mail (curse)
rPois    .         Spirit   .   (helmet restricted)
rElec    .         Reflect  .   (no cloak)
rCorr    .         Harm     .   (no gloves)
MR       .....                  (no boots)
Stlth    ..........             (no amulet)
HPRegen  0.15/turn              (no ring)
MPRegen  0.09/turn              (no ring)

@: lethally poisoned (-1 -> -11), about to teleport
A: retaliatory headbutt, horns 2
a: Berserk, Trog's Hand, Renounce Religion


You were on level 3 of the Dungeon.
You worshipped Trog.
Trog was pleased with you.
You were hungry.

You visited 1 branch of the dungeon, and saw 3 of its levels.

You collected 118 gold pieces.

Inventory:

Hand Weapons
 a - a +0 mace (weapon)
Armour
 j - a cursed +0 ring mail (worn)
Scrolls
 d - 2 scrolls of identify
 e - 3 scrolls of amnesia
 g - a scroll of enchant armour
 h - a scroll of fear {unknown}
 i - a scroll of noise {unknown}
Potions
 b - a potion of heal wounds {unknown}
Comestibles
 c - 2 rations
 k - 3 chunks of flesh


   Skills:
 + Level 4.8 Fighting
 + Level 5.8 Maces & Flails
 + Level 3.2 Armour
 + Level 3.1 Dodging


You had 4 spell levels left.
You didn't know any spells.
Your spell library was empty.

Dungeon Overview and Level Annotations

Branches:
Dungeon (3/15)

Altars:
Nemelex Xobeh
Trog


Innate Abilities, Weirdness & Mutations

You reflexively headbutt those who attack you in melee.
You have a pair of horns on your head.


Message History

* * * LOW HITPOINT WARNING * * *
You are lethally poisoned!
You miss something. You headbutt something.
* * * LOW HITPOINT WARNING * * *
You feel sick. Something hits you but does no damage.
You are more poisoned.
Unknown command.
As you read the scroll of teleportation, it crumbles to dust.
You feel strangely unstable.
* * * LOW HITPOINT WARNING * * *
You feel sick. Something hits you.
* * * LOW HITPOINT WARNING * * *
* * * LOW HITPOINT WARNING * * *
You feel sick.
* * * LOW HITPOINT WARNING * * *
You feel sick.
You hear some strange, mumbled words.
A puff of frost appears from out of thin air!
The puff of frost hits you.
You die...

.## #..########
..#
#.........###..
#..........##.#
#..........$#.##
#..........⌠#..##
#..........$#...#
#......)..##...#
#..†@....###...#
#.#########....#
#.).)..........#
######.#......##
#.##.#.######
#..)...# #..
####[### #.####
#.# ###...(# #.#
#).....##


There were no monsters in sight!

Vanquished Creatures
  An orc priest (D:3)
  A hound (D:3)
  4 adders (D:2)
  3 gnolls (D:2)
  3 worms
  A dart slug (D:1)
  4 leopard geckos
  4 orcs (D:3)
  3 bats (D:1)
  4 giant cockroaches
  4 goblins
  4 hobgoblins
  4 jackals (D:1)
  A kobold (D:2)
  2 quokkas (D:2)
  4 frilled lizards
  5 rats
52 creatures vanquished.

Notes
Turn   | Place    | Note
-------+----------+-------------------------------------------
     0 | D:1      | Mattoad the Minotaur Berserker began the quest for the Orb.
     0 | D:1      | Reached XP level 1. HP: 19/19 MP: 0/0
   318 | D:1      | Reached skill level 4 in Maces & Flails
   318 | D:1      | Reached XP level 2. HP: 27/27 MP: 1/1
   627 | D:2      | Reached XP level 3. HP: 30/33 MP: 2/2
   719 | D:2      | Found a sparkling altar of Nemelex Xobeh.
   781 | D:2      | Reached ** piety under Trog
   848 | D:2      | Reached skill level 5 in Maces & Flails
   848 | D:2      | Reached XP level 4. HP: 27/41 MP: 3/3
  1303 | D:2      | Found a bloodstained altar of Trog.
  1723 | D:3      | Reached XP level 5. HP: 21/47 MP: 4/4
  1756 | D:3      | HP: 2/47 [poisoned by an orc wizard]
  1756 | D:3      | Killed from afar by an orc wizard

Skill      XL: |  1  2  3  4 |
---------------+-------------+-----
Maces & Flails | 4 5 |  5.8
Fighting       | 4 |  4.8
Armour         | 3 |  3.2
Dodging        | 3 |  3.1

Action                   |  1- 3 |  4- 6 || total
-------------------------+-------+-------++-------
Melee: Mace              |    73 |    55 ||   128
       Headbutt          |    11 |     9 ||    20
Invok: Berserk           |     1 |       ||     1
  Use: Scroll            |     3 |     1 ||     4
  Eat: Chunk             |       |     3 ||     3
Armor: Animal skin       |     7 |       ||     7
       Scale mail        |    13 |     4 ||    17
       Ring mail         |       |    19 ||    19
Dodge: Dodged            |    54 |    27 ||    81
